 Dungeon Crawl Stone Soup version 0.24.1-11-gbbbb2193e6 (webtiles) character file.

Game seed: 9428460737244862540, levelgen mode: deterministic

896 Mrkan the Spear-Bearer (level 8, 0/62 HPs)
             Began as a Merfolk Gladiator on May 15, 2020.
             Was a Believer of Ru.
             Slain by a worker ant (7 damage)
             ... on level 5 of the Dungeon.
             The game lasted 00:06:16 (4258 turns).

Mrkan the Spear-Bearer (Merfolk Gladiator)          Turns: 4258, Time: 00:06:16

Health: 0/62       AC:  6    Str: 16    XL:     8   Next: 7%
Magic:  8/8        EV: 15    Int:  7    God:    Ru [**....]
Gold:   134        SH:  0    Dex: 16    Spells: 7/7 levels left

rFire    . . .     SeeInvis .   a - +0 trident
rCold    . . .     Gourm    .   (no shield)
rNeg     . . .     Faith    .   u - +0 ring mail
rPois    .         Spirit   .   c - +0 helmet
rElec    .         Reflect  .   (no cloak)
rCorr    .         Harm     .   (no gloves)
MR       .....                  (no boots)
Stlth    +.........             (no amulet)
HPRegen  0.20/turn              (no ring)
MPRegen  0.11/turn              (no ring)

@: lethally poisoned (0 -> -2)
A: change form in water, swift swim, stealthy swim, inability to use devices
a: Renounce Religion


You were on level 5 of the Dungeon.
You worshipped Ru.
Ru was pleased with you.
You were very hungry.

You visited 1 branch of the dungeon, and saw 6 of its levels.

You collected 134 gold pieces.

Inventory:

Hand Weapons
 a - a +0 trident (weapon)
 B - the +3 flail of Cigir {speed, rF+, unknown}
   (You found it on level 4 of the Dungeon)

   Attacks with this weapon are significantly faster.
   It protects you from fire.
Missiles
 d - 4 throwing nets (quivered)
Armour
 b - a +0 leather armour
 c - a +0 helmet (worn)
 u - a +0 ring mail (worn)
Jewellery
 D - an uncursed ring of protection from cold {unknown}
Wands
 g - a wand of paralysis (6)
 k - a wand of random effects (20)
 A - a wand of enslavement (11)
Scrolls
 e - 2 scrolls of teleportation {unknown}
 i - a scroll of noise {unknown}
 j - 11 scrolls of identify {unknown}
 m - 2 scrolls of immolation {unknown}
 n - 2 scrolls of remove curse {unknown}
 o - 2 scrolls of magic mapping {unknown}
 r - a scroll of enchant armour {unknown}
 s - a scroll of fear {unknown}
 y - a scroll of amnesia {unknown}
 C - a scroll of fog {unknown}
Potions
 h - a potion of lignification
 l - a potion of resistance {unknown}
 p - a potion of magic {unknown}
 q - a potion of mutation {unknown}
 t - a potion of might {unknown}
 w - 2 potions of haste {unknown}
 x - a potion of ambrosia {unknown}
 z - a potion of flight {unknown}
Comestibles
 f - 11 rations


   Skills:
 + Level 5.3 Fighting
 * Level 9.9 Polearms
 - Level 2.0 Throwing
 + Level 7.1 Dodging


You had 7 spell levels left.
You didn't know any spells.
Your spell library was empty.

Dungeon Overview and Level Annotations

Branches:
Dungeon (6/15)             Temple (0/1) D:6

Altars:
Ru
Trog
Wu Jian


Innate Abilities, Weirdness & Mutations

You revert to your normal form in water.
You are very nimble and swift while swimming.
You are very stealthy in the water. (Stealth+)
You cannot study or use magical devices.


Message History

You hit the worker ant.
The worker ant is lightly wounded.
You feel sick.
You hit the worker ant.
The worker ant is moderately wounded.
The worker ant closely misses you.
You hit the worker ant but do no damage.
The worker ant is moderately wounded.
The worker ant bites you.
* * * LOW HITPOINT WARNING * * *
You hit the worker ant but do no damage.
The worker ant is moderately wounded.
You feel sick. The worker ant barely misses you.
You hit the worker ant but do no damage.
The worker ant is moderately wounded.
The worker ant bites you but does no damage.
You hit the worker ant.
The worker ant is moderately wounded.
The worker ant bites you!
You die...

. .#. ...###
...# ##.#####
#.....?#
###>.....#
###.##.ao..÷÷.#
#...o.@#).....#
...#.####†<....#
# ########


You could see a worker ant and 2 orcs.

Vanquished Creatures
  Grinder (D:4)
  Sigmund (D:4)
  A centaur (D:5)
  A bullfrog (D:5)
  A hound (D:4)
  Jessica (D:2)
  An iguana (D:4)
  Terence (D:2)
  Natasha (thrice) (D:2)
  An orc wizard (D:4)
  Robin (D:3)
  6 adders
  An adder zombie (D:5)
  2 dart slugs
  3 leopard geckos
  6 orcs
  8 bats
  5 giant cockroaches
  18 goblins
  11 hobgoblins
  16 jackals
  3 quokkas
  2 ball pythons
  7 frilled lizards
  A jackal skeleton (D:5)
  2 kobolds (D:3)
  A leopard gecko skeleton (D:4)
  6 rats
111 creatures vanquished.

Vanquished Creatures (others)
  An orc (D:5)
1 creature vanquished.

Grand Total: 112 creatures vanquished

Notes
Turn   | Place    | Note
-------+----------+-------------------------------------------
     0 | D:1      | Mrkan the Merfolk Gladiator began the quest for the Orb.
     0 | D:1      | Reached XP level 1. HP: 16/16 MP: 1/1
    95 | D:1      | Reached XP level 2. HP: 23/23 MP: 2/2
   159 | D:1      | Reached skill level 5 in Polearms
   440 | D:2      | Reached XP level 3. HP: 28/28 MP: 3/3
   602 | D:2      | Noticed Natasha
   613 | D:2      | Killed Natasha
   613 | D:2      | Reached XP level 4. HP: 26/34 MP: 4/4
   651 | D:2      | Noticed Jessica
   676 | D:2      | Killed Jessica
   676 | D:2      | Reached skill level 6 in Polearms
   920 | D:2      | Noticed Terence
   934 | D:2      | Killed Terence
   934 | D:2      | Reached skill level 5 in Dodging
   934 | D:2      | Reached XP level 5. HP: 41/41 MP: 5/5
   972 | D:2      | Noticed Natasha
   979 | D:2      | Killed Natasha
  1167 | D:2      | Noticed Natasha
  1177 | D:2      | Killed Natasha
  1177 | D:2      | Reached skill level 7 in Polearms
  1855 | D:3      | Noticed Robin
  1872 | D:3      | Reached XP level 6. HP: 44/48 MP: 6/6
  1880 | D:3      | Killed Robin
  2054 | D:3      | Found a sacrificial altar of Ru.
  2082 | D:3      | Became a worshipper of Ru the Awakened
  2092 | D:3      | You fall into a shaft and drop 3 floors!
  2092 | D:6      | Found a staircase to the Ecumenical Temple.
  2093 | D:6      | Noticed a sky beast
  2110 | D:5      | Entered Level 5 of the Dungeon
  2151 | D:4      | Reached skill level 8 in Polearms
  2156 | D:4      | HP: 1/48 [hound (6)]
  2480 | D:4      | Noticed Sigmund
  2778 | D:3      | Found a bloodstained altar of Trog.
  2950 | D:4      | Reached XP level 7. HP: 32/54 MP: 7/7
  3205 | D:4      | Killed Sigmund
  3205 | D:4      | Reached skill level 9 in Polearms
  3585 | D:4      | Got a warped flail
  3777 | D:4      | Noticed Grinder
  3790 | D:4      | Paralysed by Grinder for 6 turns
  3796 | D:4      | Killed Grinder
  3796 | D:4      | Reached skill level 5 in Fighting
  3806 | D:4      | Gained mutation: You cannot study or use magical devices.
                  | [Ru sacrifice]
  3806 | D:4      | Reached * piety under Ru
  3806 | D:4      | Reached ** piety under Ru
  3814 | D:4      | Found an ornate altar of the Wu Jian Council.
  4247 | D:5      | Reached XP level 8. HP: 18/62 MP: 8/8
  4258 | D:5      | Slain by a worker ant

Levels and vault maps discovered:
D:1:      dpeg_arrival_pits, layout_rooms, minmay_stone_trees_medium
D:2:      layout_basic, uniq_natasha, uniq_terence, uniq_jessica
D:3:      layout_loops_ring, marbit_many_paths, overflow_temple_1_default,
          first_ration, uniq_robin
D:4:      kennysheep_goblin_castle, layout_rooms, lemuel_coloured_pillars_altar,
          uniq_grinder, uniq_sigmund
D:5:      gammafunk_wand_slinger, layout_rooms, minmay_shop_mayhem
D:6:      layout_basic, minmay_temple_entry_drinking_statues, basic_altar

Skill      XL: |  1  2  3  4  5  6  7 |
---------------+----------------------+-----
Polearms       | 5 6 7 8 9 |  9.9
Fighting       | 3 4 5 |  5.3
Dodging        | 5 6 7 |  7.1
Throwing       | |  2.0

Action                   |  1- 3 |  4- 6 |  7- 9 || total
-------------------------+-------+-------+-------++-------
Melee: Trident           |    58 |   261 |    72 ||   391
       Tailslap          |       |       |     3 ||     3
Invok: Sacrifice Artific |       |       |     1 ||     1
  Use: Potion            |       |       |     1 ||     1
 Stab: Sleeping          |       |     1 |       ||     1
       Invisible         |       |       |     1 ||     1
  Eat: Chunk             |       |     4 |     2 ||     6
       Ration            |       |     1 |       ||     1
Armor: Leather armour    |    18 |    75 |       ||    93
       Ring mail         |       |       |    20 ||    20
       Skin              |       |       |     7 ||     7
Dodge: Dodged            |    43 |   268 |    58 ||   369
